 Dungeon Crawl Stone Soup version 0.28-a0-724-g66f9036eb4 (webtiles) character file.

Game seed: 15845188070448153538

32 KoroneIsBestGirl the Chiller (level 3, -2/26 HPs)
             Began as a Minotaur Ice Elementalist on Oct 26, 2021.
             Slain by a gnoll (7 damage)
             ... on level 2 of the Dungeon.
             The game lasted 00:01:36 (1775 turns).

KoroneIsBestGirl the Chiller (MiIE)                 Turns: 1775, Time: 00:01:36

Health: -2/26      AC:  2    Str: 18    XL:     3   Next: 8%
Magic:  1/4        EV: 12    Int: 13    God:
Gold:   7          SH:  0    Dex: 10    Spells: 4/5 levels left

rFire   . . .      SeeInvis .   d - +0 club
rCold   . . .      Faith    .   (no shield)
rNeg    . . .      Spirit   .   a - +0 robe
rPois   .          Reflect  .   (helmet restricted)
rElec   .          Harm     .   (no cloak)
rCorr   .          Rampage  .   (no gloves)
Will    .....                   (no boots)
Stlth   ++........              (no amulet)
HPRegen 0.08/turn               i - +6 ring of strength
MPRegen 0.09/turn               (no ring)

@: no status effects
A: horns 2, retaliatory headbutt
a: no special abilities


You were on level 2 of the Dungeon.
You visited 1 branch of the dungeon, and saw 2 of its levels.

You collected 7 gold pieces.

Inventory:

Hand Weapons
 d - a +0 club (weapon)
Armour
 a - a +0 robe (worn)
Jewellery
 i - a +6 ring of strength (left hand)
Scrolls
 b - a scroll of identify {unknown}
 c - a scroll of enchant armour {unknown}
 e - 3 scrolls of vulnerability {unknown}
 g - a scroll of teleportation {unknown}
Potions
 f - a potion of magic {unknown}
 h - a potion of cancellation {unknown}


   Skills:
 + Level 2.9 Dodging
 - Level 1.5 Stealth
 + Level 1.8 Spellcasting
 + Level 3.2 Ice Magic


You had 4 spell levels left.
You knew the following spells:

 Your Spells              Type           Power      Damage    Failure   Level
a - Freeze                Ice            36%        1d6       7%          1

Your spell library contained the following spells:

 Spells                   Type           Power      Damage    Failure   Level
 Frozen Ramparts          Ice            18%        1d3       21%         3
 Ozocubu's Armour         Ice            9%         N/A       21%         3
 Shock                    Conj/Air       4%         1d3       26%         1
 Swiftness                Air            1%         N/A       61%         3
 Hailstorm                Conj/Ice       5%         3d4       78%         4
 Airstrike                Air            0%         N/A       95%         4


Dungeon Overview and Level Annotations

Branches:
Dungeon (2/15)

Altars:


Innate Abilities, Weirdness & Mutations

You have a pair of horns on your head.
You reflexively headbutt those who attack you in melee.


Message History

No target in view!
No target in view!
No target in view!
No target in view!
A gnoll is nearby!
A gnoll is nearby!
You see here a hobgoblin corpse.
A worm comes into view.
The gnoll throws a stone.
The stone barely misses you.
You see here 12 gold pieces.
You miscast Freeze.
You are very lightly contaminated with residual magic.
Nothing appears to happen.
The gnoll hits you with a +0 flail.
You freeze the gnoll.
The gnoll is moderately wounded.
The gnoll completely misses you.
You freeze the gnoll.
The gnoll is heavily wounded.
A gnoll comes into view. It is wielding a +0 flail.
The gnoll hits you with a +0 flail!
Ouch! That really hurt!
* * * LOW HITPOINT WARNING * * *
You are too injured to fight recklessly!
You are too injured to fight recklessly!
The gnoll shouts!
You hit the gnoll. You headbutt the gnoll.
You kill the gnoll!
You have reached level 3!
Your experience leads to an increase in your attributes!
Your base attributes are Str 12, Int 12, Dex 10.
Increase (S)trength, (I)ntelligence, or (D)exterity?
You feel clever.
Things that are here:
a +0 flail; 16 stones; a gnoll corpse Your magical contamination has completely faded away.
Found a stone staircase leading down.
The gnoll shouts!
The gnoll shouts!
The gnoll hits you from afar with a +0 spear!
You die...

### .. ## #. ########
.#...#.#####... ..####
.....g.@..##.##......#
.#...#.##...g...#.##.#
... ...
####w####.##.## #
#.### #.####.#...## ..
#.w.)g.†###.# .#
######.## ##. #.# #.
#.# ##. #.# ##.###.#


You could see a worm and 2 gnolls.

Vanquished Creatures
  A gnoll (D:2)
  2 bats (D:1)
  A giant cockroach (D:1)
  2 goblins (D:1)
  6 hobgoblins
  A quokka (D:1)
  A frilled lizard (D:1)
  2 kobolds (D:1)
  3 rats
19 creatures vanquished.

Notes
Turn   | Place    | Note
-------+----------+-------------------------------------------
     0 | D:1      | KoroneIsBestGirl the Minotaur Ice Elementalist began the
                  | quest for the Orb.
     0 | D:1      | Reached XP level 1. HP: 14/14 MP: 1/1
    24 | D:1      | Reached skill level 3 in Ice Magic
   831 | D:1      | Reached XP level 2. HP: 20/20 MP: 0/3
  1180 | D:1      | Found a faded altar of an unknown god.
  1766 | D:2      | Reached XP level 3. HP: 4/26 MP: 0/4
  1775 | D:2      | Slain by a gnoll

Illustrated notes

Levels and vault maps discovered:
D:1:      psy_arrival_whirlpool, layout_basic, shapermc_ecumenical_altar_petra,
          skrybe_limestone_x
D:2:      layout_loops_cross, basic_altar, lemuel_old_faithful, uniq_jessica

Skill      XL: |  1 |
---------------+----+-----
Ice Magic      | 3 |  3.2
Dodging        | |  2.9
Stealth        | |  1.5
Spellcasting   | |  1.8

Action                   || total
-------------------------++-------
Melee: Unarmed           ||    19
       Headbutt          ||     5
       Club              ||     5
 Cast: Freeze            ||    17
Armor: Robe              ||     8
Dodge: Dodged            ||    22

Table legend: (Time is in decaauts)
 A = Elapsed time spent in this place.
 B = Non-inter-level travel time spent in this place.
 C = Inter-level travel time spent in this place.
 D = Time resting spent in this place.
 E = Time spent auto-exploring this place.
 F = Levels seen in this place.
 G = Mean time per level.
                   A        B        C        D        E       F      G
               +--------+--------+--------+--------+--------+-----+--------+
         Total |   1779 |   1650 |    129 |      0 |   1494 |   2 |  889.5 |
       Dungeon |   1779 |   1650 |    129 |      0 |   1494 |   2 |  889.5 |
               +--------+--------+--------+--------+--------+-----+--------+

Top non-repeatable levels by time:
     D:1: 1685 daAuts
     D:2: 93 daAuts
